 Dungeon Sprint DCSS version 0.14-a0-155-gd989017 (console) character file.

529 Dalvant the Arsonist (level 6, -9/35 HPs)
             Began as a Deep Elf Fire Elementalist on Oct 4, 2013.
             Mangled by a boulder beetle (44 damage)
             ... in the Dungeon (Sprint II: "The Violet Keep of Menkaure").
             The game lasted 00:01:06 (249 turns).

Dalvant the Arsonist (Deep Elf Fire Elementalist)    Turns: 249, Time: 00:01:06

HP  -9/35        AC  2     Str  5      XL: 6   Next:  0%
MP  13/18        EV 13     Int 18 (22) God:
Gold 263         SH  0     Dex 15      Spells:  3 memorised,  2 levels left

Res.Fire  : . . .   See Invis. : .   (no weapon)
Res.Cold  : . . .   Warding    : .   a - +0 elf robe
Life Prot.: . . .   Conserve   : .   (no shield)
Res.Poison: .       Res.Corr.  : .   (no helmet)
Res.Elec. : .       Clarity    : .   (no cloak)
Sust.Abil.: . .     Spirit.Shd : .   (no gloves)
Res.Mut.  : .       Prev.Telep.: +   (no boots)
Res.Rott. : .       Flight     : .   (no amulet)
Saprovore : . . .                    (no ring)
                                     (no ring)

@: slightly resistant to hostile enchantments, quite stealthy
A: no striking features
a: no special abilities


You were in the Dungeon.
You were not hungry.

You visited 1 branch You collected 243 gold pieces.

Inventory:

Armour
 a - a +0 elven robe (worn)
Comestibles
 c - a bread ration
Scrolls
 i - a scroll of blinking
Potions
 d - a potion of curing
 e - a potion of heal wounds
 f - a potion of speed
 g - 2 potions of magic
Books
 b - a book of Flames

   Spells                             Type                      Level
   *Flame Tongue                      Conjuration/Fire             1
   Throw Flame                        Conjuration/Fire             2
   Conjure Flame                      Conjuration/Fire             3
   Inner Flame                        Hexes/Fire                   3
   *Sticky Flame                      Conjuration/Fire             4
   *Fireball                          Conjuration/Fire             5


   Skills:
 * Level 4.3 Fighting
 - Level 2.4 Dodging
 + Level 5.5 Stealth
 + Level 3.6 Spellcasting
 * Level 5.9 Conjurations
 + Level 9.9 Fire Magic


You had 2 spell levels left.
You knew the following spells:

 Your Spells              Type           Power        Failure   Level  Hunger
a - Flame Tongue          Conj/Fire      ####.        1%          1    None
c - Sticky Flame          Conj/Fire      ####....     8%          4    ####...
v - Fireball              Conj/Fire      ####......   21%         5    #####..


Dungeon Overview and Level Annotations

Branches:
Dungeon (1/1)

Altars:

Shops:
D ?!?

Annotations:
D Menkaure


Message History

Press: ? - help, Shift-Dir - straight line, f/p - boulder beetle
Aim: a boulder beetle (rolling)
The flame hits the boulder beetle.
The boulder beetle appears unharmed.
There is an open door here.
You see here a brain worm corpse.
Casting: Flame Tongue
Confirm with . or Enter, or press ? or * to list all spells.
Aiming: Sticky Flame
Press: ? - help, Shift-Dir - straight line, f/p - boulder beetle
Aim: a boulder beetle (rolling)
The sticky flame hits the boulder beetle.
The boulder beetle is lightly wounded.
The boulder beetle is covered in liquid flames!
The boulder beetle burns!
The boulder beetle hits a rock wall.
The boulder beetle stops rolling.
The boulder beetle burns!
The boulder beetle burns!
The boulder beetle curls into a ball and starts rolling!
You open the door.
The boulder beetle burns!
The boulder beetle stops rolling.
The boulder beetle bites you!
Ouch! That really hurt!
You die...

. # .. .##
∩..# .. ∩.⌠.#
### #$ .∩..#≈
#.###§#
..#≈##..##.##
+≈'##.§<<<+
#@#B##.##
##B###+# ###


You could see a boulder beetle (burning).

Vanquished Creatures
  4 brain worms (D)
4 creatures vanquished.

Notes
Turn   | Place    | Note
--------------------------------------------------------------
     0 | D        | Dalvant, the Deep Elf Fire Elementalist, began the quest for the Orb.
     0 | D        | Reached XP level 1. HP: 10/10 MP: 4/4
     0 | D        | Noticed a brain worm
     0 | D        | Noticed a brain worm
     0 | D        | Noticed a brain worm
     0 | D        | Noticed a brain worm
     8 | D        | Killed a brain worm
     8 | D        | Reached skill level 6 in Fire Magic
     8 | D        | Reached XP level 2. HP: 15/15 MP: 1/7
     8 | D        | Reached XP level 3. HP: 19/19 MP: 1/9
    16 | D        | Killed a brain worm
    16 | D        | Reached skill level 8 in Fire Magic
    16 | D        | Reached XP level 4. HP: 18/24 MP: 2/12
   153 | D        | Killed a brain worm
   153 | D        | Reached skill level 5 in Stealth
   153 | D        | Reached skill level 5 in Conjurations
   153 | D        | Reached skill level 9 in Fire Magic
   153 | D        | Reached XP level 5. HP: 29/29 MP: 8/16
   206 | D        | Killed a brain worm
   206 | D        | Reached XP level 6. HP: 35/35 MP: 14/18
   213 | D        | Learned a level 5 spell: Fireball
   218 | D        | Learned a level 4 spell: Sticky Flame
   228 | D        | Noticed a boulder beetle
   228 | D        | Noticed Menkaure
   249 | D        | Found Ufaaja's Distillery.
   249 | D        | Found Kloepe Team's Magic Scroll Shoppe.
   249 | D        | Found Mnaismi's Magic Scroll Emporium.
   249 | D        | Mangled by a boulder beetle

Action                   |  1- 3 |  4- 6 || total
-------------------------+-------+-------++-------
Melee: Unarmed           |    10 |       ||    10
 Cast: Flame Tongue      |     2 |    10 ||    12
       Sticky Flame      |       |     1 ||     1
  Use: Potion            |     1 |       ||     1
